Unix NetHack Version 5.0.0-0 post-release - last build May  4 2026 22:22:43 (774f63e81ad911689b3a0859ea89b322d5daca8d,branch:main).

Game began 2026-05-05 09:56:29, ended 2026-05-05 14:12:45.

23881750910, lawful female human Valkyrie

                        -----  ------------------  ------
     -----------        |...|  |..|..|.......|..|  |..-.|
     |..........########|...-  |..|..|.......-..|  |..|.|
     |.........|###    #|...----|--|--.......-----+----.|
     |.........|  #    #|...............................|
     |.......<..########....---|-|----.......-+-----+--.|
     |.........|   #   #|...| ..|....|{......|  |..|  |.|
     -----------   #   #|...|%%%|....|.......|  |..|  |.|
                   #   #|...|%%%|._..|.......-----|----.|
                   ### #|...|%%!|....|....{.............|
                     # #|.).|----------.------...------.|
                     # #|...| (((|    |.|    |...|?[?.-.|
                     # #|...|.(((|    |.+    |...|%%!.|.|
                     # #|..)-|%((|    +.|    |.d.|%][.|.|#
                     ###....-----------.------..'------.|#
                       #|.....o .................@S.....-#
                       #---------------------------------

23881750910 the Fighter     St:15 Dx:13 Co:18 In:8 Wi:9 Ch:12  Lawful
Dlvl:7  $:197 HP:0(63) Pw:19(19) AC:6  Xp:6 T:3625 

Latest messages:
 You miss the jaguar.
 The jaguar hits!
 The jaguar hits again!
 The jaguar bites!
 You hit the jaguar!
 The jaguar hits!
 The jaguar hits again!
 The jaguar bites!
 You kill the jaguar!
 You see here a jaguar corpse.
 Your little dog eats a jaguar corpse.
 You see here a blue gem.
 The little dog picks up a blue gem.
 You swap places with your little dog.
 The snake bites!
 The snake bites!
 You hit the snake!
 The snake bites!
 You miss the snake.
 The snake just misses!
 The little dog misses the rope golem.
 You miss the snake.
 The snake bites!
 The rope golem hits!
 The rope golem hits again!
 The little dog misses the rope golem.
 You miss the snake.
 The snake bites!
 The rope golem hits!
 The rope golem hits again!
 The rope golem grabs you!
 The little dog bites the rope golem.
 The rope golem misses the little dog.
 The rope golem hits the little dog.
 You cannot escape from the rope golem!
 The snake bites!
 The rope golem hits!
 The rope golem just misses!
 You are being choked.
 The snake bites!
 You cannot escape from the rope golem!
 The snake bites!
 You cannot escape from the rope golem!
 The snake bites!
 You die...
 Do you want your possessions identified? [ynq] (y) n
 Do you want to see your attributes? [ynq] (y) n
 Do you want an account of creatures vanquished? [ynaq] (y) n
 Do you want to see your conduct and achievements? [ynq] (y) n
 Do you want to see the dungeon overview? [ynq] (y) n

Inventory:
 Coins    ('$')
  $ - 197 gold pieces
 Amulets  ('"')
  E - a cursed amulet of magical breathing
 Weapons  (')')
  s - a blessed +0 dart
  o - a cursed +0 dart
  b - a +0 dagger (alternate weapon; not wielded)
  D - a +0 elven dagger
  a - a +1 spear (weapon in right hand)
  G - a +0 aklys
  h - a +0 mace
  z - a +0 scimitar
  A - a +0 silver saber
  e - a +0 guisarme
 Armor    ('[')
  u - an uncursed +0 orcish helm
  p - an uncursed +0 pair of iron shoes
  c - an uncursed +3 small shield (being worn)
  H - an uncursed +0 cloak of protection
  q - an uncursed +0 dwarvish cloak
  B - an uncursed rotted +0 dwarvish cloak
  r - an uncursed +0 leather jacket
  t - a cursed -3 scale mail
 Comestibles  ('%')
  l - an uncursed cram ration
  d - 3 uncursed food rations
  y - an uncursed sprig of wolfsbane
 Potions  ('!')
  x - a blessed potion of booze
  m - an uncursed potion of hallucination
  j - an uncursed potion of healing
  f - an uncursed potion of see invisible
 Rings    ('=')
  g - a blessed +3 ring of adornment
 Tools    ('(')
  C - an empty uncursed bag of holding

23881750910 the Valkyrie's attributes:

Background:
 You were a Fighter, a level 6 human Valkyrie.
 You were lawful, nominally on a mission for Tyr
 who was opposed by Odin (neutral) and Loki (chaotic).
 You were right-handed.
 You were in the Gnomish Mines, on level 7.
 You entered the dungeon 3625 turns ago.
 You had 512 experience points, 128 more were needed to attain level 7.

Basics:
 You had 0 out of 63 hit points.
 You had all 19 energy points (spell power).
 Your armor class was 6.
 Your wallet contained 197 zorkmids.
 Autopickup was off.

Final Characteristics:
 Your strength was 15 (limit:18/100).
 Your dexterity was 13 (limit:18).
 Your constitution was 18 (limit:18).
 Your intelligence was 8 (limit:18).
 Your wisdom was 9 (limit:18).
 Your charisma was 12 (limit:18).

Final Status:
 You were held by a rope golem (northwest).
 You weren't hungry.
 You were unencumbered.
 You were wielding a spear.
 You were skilled in spear.

Final Attributes:
 You were piously aligned.
 You were cold resistant.
 You were stealthy.
 You are dead.

Miscellaneous:
 You encountered 1 bones level.
 Total elapsed playing time was 1 hour, 29 minutes and 54 seconds.

Major events:
 Turn
    1: 23881750910 the lawful human Valkyrie entered the dungeon
 1083: attained the rank of Skirmisher (level 3)
 1563: entered the Gnomish Mines
 2966: attained the rank of Fighter (level 6)
 3198: reached Mine Town
 3625: killed by a snake

You didn't know any spells.

Skills:
 Fighting Skills
   bare handed combat [Unskilled]
   two weapon combat  [Unskilled]
   riding             [Unskilled]
 Weapon Skills
   dagger             [Basic]
   axe                [Unskilled]
   pick-axe           [Unskilled]
   short sword        [Unskilled]
   broadsword         [Unskilled]
   long sword         [Unskilled]
   two-handed sword   [Unskilled]
   saber              [Unskilled]
   hammer             [Unskilled]
   quarterstaff       [Unskilled]
   polearms           [Unskilled]
   spear              [Skilled]
   trident            [Unskilled]
   lance              [Unskilled]
   sling              [Unskilled]
 Spellcasting Skills
   attack spells      [Unskilled]
   escape spells      [Unskilled]

Voluntary challenges:
 Character rerolling was not enabled.
 You were an atheist.
 You were illiterate.
 You never genocided any monsters.
 You never polymorphed an object.
 You never changed form.
 You used no wishes.
Achievements:
 You attained the rank of Skirmisher.
 You entered a shop.
 You entered the Gnomish Mines.
 You attained the rank of Fighter.
 You entered a temple.
 You entered Minetown.

 The Dungeons of Doom: levels 1 to 3
    Level 1:
       A fountain.
    Level 2:
    Level 3:
       A tool shop, an altar, a fountain.
       Stairs down to The Gnomish Mines.
 The Gnomish Mines: levels 4 to 7
    Level 4:
    Level 5:
    Level 6:
    Level 7: <- You were here.
       A general store, a temple and an altar to Tyr, some fountains, a grave.
       Final resting place for
          you, killed by a snake,
          rschaff-Val-Hum-Fem-Law, killed by a giant mimic.


Vanquished creatures:
  a jaguar
  a gnome mummy
  a pony
  a shrieker
  4 gnome leaders
  3 gnomish wizards
  a gray ooze
  2 little dogs
  3 dwarves
  5 hill orcs
  a dwarf zombie
  a wererat
  a coyote
  a hobbit
  a large kobold
  a brown mold
  a red mold
 20 gnomes
  3 garter snakes
  2 geckos
  7 jackals
  2 foxes
  3 goblins
  2 sewer rats
  3 lichens
  2 kobold zombies
  7 newts
80 creatures vanquished.

No species were genocided or became extinct.

Game over:
                       ----------
                      /          \
                     /    REST    \
                    /      IN      \
                   /     PEACE      \
                  /                  \
                  |   23881750910    |
                  |      197 Au      |
                  |   killed by a    |
                  |      snake       |
                  |                  |
                  |                  |
                  |       2026       |
                 *|     *  *  *      | *
        _________)/\\_//(\/(/\)/\//\/|_)_______

Farvel 23881750910 the Valkyrie...

You died in The Gnomish Mines on dungeon level 7 with 2526 points,
and 197 pieces of gold, after 3625 moves.
You were level 6 with a maximum of 63 hit points when you died.

